Senators vs Harfangs
Created - 2 novembre 2014 at 19:59
Goals
|
Senators |
0 |
0 |
1 |
1 |
Harfangs |
2 |
1 |
0 |
3 |
|
Shots
|
Senators |
10 |
14 |
10 |
34 |
Harfangs |
15 |
8 |
7 |
30 |
|
1st period
1. Harfangs , Stefan Ruzicka 10 (Petri Kontiola, Peter Olvecky) at 9:26
2. Harfangs , Petri Kontiola 6 (Peter Olvecky, Stefan Ruzicka) at 15:40
Penalties :
Roman Wick (BEA) for Hooking (Minor) at 3:28
2nd period
3. Harfangs , Petri Kontiola 7 (Peter Olvecky, Stefan Ruzicka) at 0:17 (PP)
Penalties :
Logan Stephenson (BIN) for Boarding (Minor) at 0:10, Logan Stephenson (BIN) for Tripping (Minor) at 18:42
3rd period
4. Senators , Patrick Wey 1 (Mark Olver, Gabriel Bourque) at 8:00
Penalties :
Niklas Hagman (BIN) for Interference (Minor) at 12:16, Logan Stephenson (BIN) for Interference (Minor) at 12:28, Stefan Ruzicka (BEA) for High sticking (Minor) at 12:51, Alex Killorn (BEA) for Slashing (Minor) at 15:27
Goalie Stats
Jacob Markstrom (BIN), 27 saves from 30 shots - (0,900), L, 3-9-2, 60:00 minutes
Ray Emery (BEA), 33 saves from 34 shots - (0,971), W, 6-3-0, 60:00 minutes
Players Stats for Senators
Player Name G A P +/- PIM S H SB GA TA FO MP PP MP PK MP
------------------------------------------------------------------------------------
Brett Sterling 0 0 0 0 0 2 0 0 0 0 1/1 11:52 0:00 0:14
Cody Hodgson 0 0 0 0 0 2 0 1 0 1 2/4 12:26 0:00 0:53
Erik Karlsson 0 0 0 0 0 2 0 0 0 0 0/0 20:00 2:04 1:31
Gabriel Bourque 0 1 1 1 0 2 1 0 1 0 0/0 8:50 0:00 0:00
Jack Skille 0 0 0 0 0 1 2 2 1 0 0/0 11:43 0:00 0:00
Josh Hennessy 0 0 0 0 0 1 2 0 0 0 7/11 17:04 1:53 0:33
Logan Stephenson 0 0 0 -1 6 1 1 1 1 0 0/0 23:11 2:17 0:11
Marc-André Bernier 0 0 0 1 0 3 0 0 1 0 0/0 8:50 0:00 0:00
Mark Olver 0 1 1 1 0 2 1 1 0 1 1/5 8:50 0:00 0:00
Milan Jurcina 0 0 0 -1 0 1 1 6 0 1 0/0 25:44 2:17 2:34
Niklas Hagman 0 0 0 -2 2 5 2 0 1 0 1/1 20:40 2:28 1:31
Patrick Wey 1 0 1 0 0 2 0 1 0 0 0/0 17:10 0:00 2:22
Rob Niedermayer 0 0 0 -2 0 2 4 0 2 0 19/39 21:48 2:28 2:51
Sergei Kostitsyn 0 0 0 0 0 1 1 2 1 0 0/1 15:55 1:53 0:00
Shane Sims 0 0 0 0 0 2 2 0 0 2 0/0 20:00 2:04 1:31
Stanislav Chistov 0 0 0 -2 0 3 2 1 2 1 1/1 19:41 2:28 0:21
Steven Goertzen 0 0 0 0 0 2 1 0 1 0 1/1 15:52 1:53 0:00
Tyson Barrie 0 0 0 0 0 0 0 2 0 0 0/0 14:16 0:00 0:00
Players Stats for Harfangs
Player Name G A P +/- PIM S H SB GA TA FO MP PP MP PK MP
------------------------------------------------------------------------------------
Alex Killorn 0 0 0 -1 2 3 3 0 0 0 6/13 16:03 0:53 0:43
Alex Plante 0 0 0 0 0 0 0 0 0 0 0/0 0:00 0:00 0:00
Andrew Orpik 0 0 0 1 0 0 0 3 0 0 0/0 18:48 0:20 2:05
Angelo Esposito 0 0 0 0 0 0 0 0 0 0 0/0 0:00 0:00 0:00
Brandon Pirri 0 0 0 0 0 0 0 0 0 0 0/0 1:06 0:00 0:24
Brian Lashoff 0 0 0 0 0 0 0 0 0 0 0/0 4:48 0:00 0:00
Chris Kreider 0 0 0 -1 0 3 2 1 1 0 0/0 16:26 0:53 0:30
Corey Cowick 0 0 0 0 0 0 0 0 0 0 0/0 0:14 0:00 0:04
Craig Smith 0 0 0 0 0 3 1 0 0 0 3/4 12:02 0:00 0:01
Drew Shore 0 0 0 0 0 0 3 0 0 0 1/2 8:10 0:00 0:00
Dustin Jeffrey 0 0 0 0 0 1 1 0 1 1 0/1 11:54 0:00 0:00
Dylan Olsen 0 0 0 0 0 0 1 0 0 0 0/0 4:48 0:00 0:00
James Wisniewski 0 0 0 0 0 0 1 2 1 2 0/0 25:26 2:21 2:16
Kyle Palmieri 0 0 0 0 0 0 0 0 0 0 1/1 8:18 0:00 0:00
Mark Giordano 0 0 0 0 0 1 2 3 0 4 0/0 25:26 2:21 2:16
Michal Repik 0 0 0 0 0 1 0 1 0 1 0/0 12:38 0:00 1:04
Mike Hoffman 0 0 0 0 0 0 0 0 0 0 0/0 0:00 0:00 0:00
Nick Holden 0 0 0 0 0 0 1 0 0 0 0/0 10:58 0:00 0:00
Peter Olvecky 0 3 3 2 0 4 1 0 1 1 1/2 22:13 1:48 2:27
Petri Kontiola 2 1 3 2 0 3 1 0 0 1 17/33 19:55 1:48 1:07
Roman Wick 0 0 0 -1 2 1 2 0 0 0 0/2 15:23 0:53 0:00
Sasha Pokulok 0 0 0 1 0 2 2 1 0 1 0/0 18:48 0:20 2:05
Stefan Ruzicka 1 2 3 2 2 6 1 1 0 0 2/6 21:28 1:47 2:22
Tomas Tatar 0 0 0 0 0 1 0 0 1 0 0/0 8:10 0:00 0:00
Victor Bartley 0 0 0 0 0 1 1 0 1 0 0/0 10:58 0:00 0:00
3 Stars
1 - Petri Kontiola (BEA)
2 - Stefan Ruzicka (BEA)
3 - Peter Olvecky (BEA)
Power Play
Senators - 0 on 3 Attempt(s) - 0,00%
Harfangs - 1 on 4 Attempt(s) - 25,00%
Penalty Kill
Senators - 3 on 4 Attempt(s) - 75,00%
- Score 0 goal in Penalty Kill
Harfangs - 3 on 3 Attempt(s) - 100,00%
- Score 0 goal in Penalty Kill
Official
Referees : Devorski Paul and Fraser Kerry
Linesman : Brian Mach and Derek Nansen
Game Notes
No Game Note
Finance
Level 1 -- Attendance: 1322 (66,10%) -- Ticket Income 39 660 $
Level 2 -- Attendance: 757 (75,70%) -- Ticket Income 11 355 $
Total Attendance: 2079 (69,30%)
Total Ticket Income: 51 015 $
Other Income: 2 551 $
Total Income: 53 566 $
Senators
5 vs 5 Forward
Center Left Wing Right Wing Time % Phy DF OF
1 Rob Niedermayer Niklas Hagman Stanislav Chistov 39 1 2 2
2 Josh Hennessy Sergei Kostitsyn Steven Goertzen 29 1 2 2
3 Cody Hodgson Brett Sterling Jack Skille 22 1 2 2
4 Mark Olver Gabriel Bourque Marc-André Bernier 10 1 2 2
5 vs 5 Defense
Defense Defense Time % Phy DF OF
1 Milan Jurcina Logan Stephenson 40 1 2 2
2 Erik Karlsson Shane Sims 30 1 2 2
3 Tyson Barrie Patrick Wey 20 1 2 2
4 Milan Jurcina Logan Stephenson 10 1 2 2
PowerPlay Forward
Center Left Wing Right Wing Time % Phy DF OF
1 Rob Niedermayer Niklas Hagman Stanislav Chistov 60 1 2 2
2 Josh Hennessy Sergei Kostitsyn Steven Goertzen 40 1 2 2
PowerPlay Defense
Defense Defense Time % Phy DF OF
1 Milan Jurcina Logan Stephenson 55 1 2 2
2 Erik Karlsson Shane Sims 45 1 2 2
Penalty Kill 4 Players Forward
Center Wing Time % Phy DF OF
1 Rob Niedermayer Niklas Hagman 60 1 2 2
2 Stanislav Chistov Josh Hennessy 40 1 2 2
Penalty Kill 4 Players Defense
Defense Defense Time % Phy DF OF
1 Milan Jurcina Logan Stephenson 60 1 2 2
2 Erik Karlsson Shane Sims 40 1 2 2
Penalty Kill - 3 Players Forward
Forward Time % Phy DF OF
1 Rob Niedermayer 60 1 2 2
2 Niklas Hagman 40 1 2 2
Penalty Kill - 3 Players Defense
Defense Defense Time % Phy DF OF
1 Milan Jurcina Logan Stephenson 60 1 2 2
2 Erik Karlsson Shane Sims 40 1 2 2
4 vs 4 Forward
Center Wing Time % Phy DF OF
1 Rob Niedermayer Niklas Hagman 60 1 2 2
2 Stanislav Chistov Josh Hennessy 40 1 2 2
4 vs 4 Defense
Defense Defense Time % Phy DF OF
1 Milan Jurcina Logan Stephenson 60 1 2 2
2 Erik Karlsson Shane Sims 40 1 2 2
Last Minutes Offensive
Center Left Wing Right Wing Defense Defense
Rob Niedermayer Niklas Hagman Stanislav Chistov Milan Jurcina Logan Stephenson
Last Minutes Defensive
Center Left Wing Right Wing Defense Defense
Rob Niedermayer Niklas Hagman Stanislav Chistov Milan Jurcina Logan Stephenson
Goaltenders
Starting : Jacob Markstrom
Backup : Alexander Salak
Extra Forwards
Normal : Jack Skille, Brett Sterling, Cody Hodgson - PP : Jack Skille, Brett Sterling - PK : Cody Hodgson
Extra Defensemen
Normal : Tyson Barrie, Patrick Wey, Erik Karlsson - PP : Tyson Barrie - PK : Patrick Wey, Erik Karlsson
Penalty Shots
Rob Niedermayer, Niklas Hagman, Stanislav Chistov, Josh Hennessy, Sergei Kostitsyn
Harfangs
5 vs 5 Forward
Center Left Wing Right Wing Time % Phy DF OF
1 Petri Kontiola Peter Olvecky Stefan Ruzicka 40 1 2 2
2 Alex Killorn Chris Kreider Roman Wick 30 1 2 2
3 Craig Smith Dustin Jeffrey Michal Repik 20 1 2 2
4 Drew Shore Tomas Tatar Kyle Palmieri 10 1 2 2
5 vs 5 Defense
Defense Defense Time % Phy DF OF
1 Mark Giordano James Wisniewski 40 1 2 2
2 Sasha Pokulok Andrew Orpik 30 1 2 2
3 Victor Bartley Nick Holden 20 1 2 2
4 Brian Lashoff Dylan Olsen 10 1 2 2
PowerPlay Forward
Center Left Wing Right Wing Time % Phy DF OF
1 Petri Kontiola Peter Olvecky Stefan Ruzicka 60 1 2 2
2 Alex Killorn Chris Kreider Roman Wick 40 1 2 2
PowerPlay Defense
Defense Defense Time % Phy DF OF
1 Mark Giordano James Wisniewski 60 1 2 2
2 Sasha Pokulok Andrew Orpik 40 1 2 2
Penalty Kill 4 Players Forward
Center Wing Time % Phy DF OF
1 Stefan Ruzicka Peter Olvecky 60 1 2 2
2 Petri Kontiola Alex Killorn 40 1 2 2
Penalty Kill 4 Players Defense
Defense Defense Time % Phy DF OF
1 Mark Giordano James Wisniewski 60 1 2 2
2 Sasha Pokulok Andrew Orpik 40 1 2 2
Penalty Kill - 3 Players Forward
Forward Time % Phy DF OF
1 Stefan Ruzicka 60 1 2 2
2 Peter Olvecky 40 1 2 2
Penalty Kill - 3 Players Defense
Defense Defense Time % Phy DF OF
1 Mark Giordano James Wisniewski 60 1 2 2
2 Sasha Pokulok Andrew Orpik 40 1 2 2
4 vs 4 Forward
Center Wing Time % Phy DF OF
1 Stefan Ruzicka Peter Olvecky 60 1 2 2
2 Petri Kontiola Alex Killorn 40 1 2 2
4 vs 4 Defense
Defense Defense Time % Phy DF OF
1 Mark Giordano James Wisniewski 60 1 2 2
2 Sasha Pokulok Andrew Orpik 40 1 2 2
Last Minutes Offensive
Center Left Wing Right Wing Defense Defense
Petri Kontiola Peter Olvecky Stefan Ruzicka Mark Giordano James Wisniewski
Last Minutes Defensive
Center Left Wing Right Wing Defense Defense
Petri Kontiola Peter Olvecky Stefan Ruzicka Mark Giordano James Wisniewski
Goaltenders
Starting : Ray Emery
Backup : Marek Schwarz
Extra Forwards
Normal : Craig Smith, Dustin Jeffrey, Michal Repik - PP : Craig Smith, Dustin Jeffrey - PK : Michal Repik
Extra Defensemen
Normal : Victor Bartley, Nick Holden, Brian Lashoff - PP : Victor Bartley - PK : Nick Holden, Brian Lashoff
Penalty Shots
Stefan Ruzicka, Peter Olvecky, Petri Kontiola, Alex Killorn, Chris Kreider
% Time on Ice - Senators
Lines # - Real PCT - Wanted PCT - Time Play
Normal Forward
1 - 33% - 39% - 16:52
2 - 29% - 29% - 14:45
3 - 21% - 22% - 10:55
4 - 17% - 10% - 8:50
Normal Defense
1 - 37% - 40% - 18:59
2 - 32% - 30% - 16:13
3 - 26% - 20% - 13:13
4 - 6% - 10% - 2:57
PP Forward
1 - 57% - 60% - 2:28
2 - 43% - 40% - 1:53
PP Defense
1 - 52% - 55% - 2:17
2 - 48% - 45% - 2:04
PK Forward
1 - 85% - 60% - 1:57
2 - 15% - 40% - 0:21
PK Defense
1 - 60% - 60% - 1:23
2 - 40% - 40% - 0:55
PK3 Forward
1 - 75% - 60% - 1:20
2 - 25% - 40% - 0:27
PK3 Defense
1 - 66% - 60% - 1:11
2 - 34% - 40% - 0:36
44 Forward
1 - 100% - 60% - 0:12
2 - 0% - 40% - 0:00
44 Defense
1 - 0% - 60% - 0:00
2 - 100% - 40% - 0:12
Last Minute Offensive - 0:00
Last Minute Defensive - 0:00
Total
Forward - 60:00
Defense - 60:00
|
% Time on Ice - Harfangs
Lines # - Real PCT - Wanted PCT - Time Play
Normal Forward
1 - 35% - 40% - 17:52
2 - 28% - 30% - 14:30
3 - 21% - 20% - 10:50
4 - 16% - 10% - 8:10
Normal Defense
1 - 39% - 40% - 19:50
2 - 31% - 30% - 15:46
3 - 21% - 20% - 10:58
4 - 9% - 10% - 4:48
PP Forward
1 - 67% - 60% - 1:48
2 - 33% - 40% - 0:53
PP Defense
1 - 88% - 60% - 2:21
2 - 12% - 40% - 0:20
PK Forward
1 - 74% - 60% - 3:14
2 - 26% - 40% - 1:07
PK Defense
1 - 52% - 60% - 2:16
2 - 48% - 40% - 2:05
PK3 Forward
1 - 0% - 60%
2 - 0% - 40%
PK3 Defense
1 - 0% - 60%
2 - 0% - 40%
44 Forward
1 - 100% - 60% - 1:36
2 - 0% - 40% - 0:00
44 Defense
1 - 61% - 60% - 0:59
2 - 39% - 40% - 0:37
Last Minute Offensive - 0:00
Last Minute Defensive - 0:00
Total
Forward - 60:00
Defense - 60:00
|
Play by Play
1st period
0:01 of 1st period - Petri Kontiola wins face-off versus Rob Niedermayer in neutral zone.
0:04 of 1st period - Logan Stephenson is hit by James Wisniewski.
0:14 of 1st period - Snap shot by Peter Olvecky.
0:14 of 1st period - Stopped by Jacob Markstrom without a rebound.
0:15 of 1st period - Alex Killorn wins face-off versus Josh Hennessy in Senators zone.
0:16 of 1st period - Snap shot by Chris Kreider.
0:16 of 1st period - Shot Blocked by Sergei Kostitsyn.
0:18 of 1st period - Slapshot by Sasha Pokulok.
0:18 of 1st period - Deflect By Roman Wick.
0:18 of 1st period - Stopped by Jacob Markstrom with a rebound.
1:35 of 1st period - Kyle Palmieri is hit by Gabriel Bourque and loses puck.
2:35 of 1st period - Wrist shot by Stefan Ruzicka.
2:35 of 1st period - Shot Blocked by Jack Skille.
3:28 of 1st period - Minor Penalty to Roman Wick for Hooking.
3:29 of 1st period - Rob Niedermayer wins face-off versus Peter Olvecky in Harfangs zone.
5:28 of 1st period - Penalty to Roman Wick is over, Roman Wick is back on ice.
5:45 of 1st period - Snap shot by Tomas Tatar.
5:45 of 1st period - Stopped by Jacob Markstrom with a rebound.
5:57 of 1st period - Michal Repik is hit by Shane Sims and loses puck.
6:02 of 1st period - Wrist shot by Mark Olver.
6:02 of 1st period - Shot Misses the Net.
6:04 of 1st period - Wrist shot by Marc-André Bernier.
6:04 of 1st period - Shot Misses the Net.
6:06 of 1st period - Slapshot by Erik Karlsson.
6:06 of 1st period - Stopped by Ray Emery with a rebound.
6:16 of 1st period - Slapshot by Michal Repik.
6:16 of 1st period - Stopped by Jacob Markstrom with a rebound.
6:24 of 1st period - Wrist shot by Chris Kreider.
6:24 of 1st period - Stopped by Jacob Markstrom without a rebound.
6:25 of 1st period - Petri Kontiola wins face-off versus Rob Niedermayer in Senators zone.
7:17 of 1st period - Brett Sterling is hit by Roman Wick and loses puck.
7:45 of 1st period - Mark Giordano is hit by Mark Olver and loses puck.
8:01 of 1st period - Chris Kreider is hit by Rob Niedermayer and loses puck.
8:24 of 1st period - Wrist shot by Dustin Jeffrey.
8:24 of 1st period - Deflect By Craig Smith.
8:24 of 1st period - Shot Blocked by Milan Jurcina.
8:24 of 1st period - Puck is out of play.
8:25 of 1st period - Rob Niedermayer wins face-off versus Stefan Ruzicka in Senators zone.
8:25 of 1st period - Rob Niedermayer is hit by Stefan Ruzicka.
9:16 of 1st period - Wrist shot by Tomas Tatar.
9:16 of 1st period - Shot Blocked by Tyson Barrie.
9:18 of 1st period - Wrist shot by Sasha Pokulok.
9:18 of 1st period - Stopped by Jacob Markstrom without a rebound.
9:19 of 1st period - Petri Kontiola wins face-off versus Rob Niedermayer in Senators zone.
9:22 of 1st period - Wrist shot by Stefan Ruzicka.
9:22 of 1st period - Deflect By Peter Olvecky.
9:22 of 1st period - Shot Misses the Net.
9:22 of 1st period - Puck is out of play.
9:23 of 1st period - Petri Kontiola wins face-off versus Rob Niedermayer in Senators zone.
9:24 of 1st period - Snap shot by Peter Olvecky.
9:24 of 1st period - Stopped by Jacob Markstrom with a rebound.
9:26 of 1st period - Snap shot by Petri Kontiola.
9:26 of 1st period - Deflect By Stefan Ruzicka.
9:26 of 1st period - Goal by Stefan Ruzicka - Senators : 0 - Harfangs : 1.
9:27 of 1st period - Petri Kontiola wins face-off versus Rob Niedermayer in neutral zone.
9:29 of 1st period - Off-side.
9:30 of 1st period - Rob Niedermayer wins face-off versus Petri Kontiola in neutral zone.
9:33 of 1st period - Snap shot by Niklas Hagman.
9:33 of 1st period - Stopped by Ray Emery without a rebound.
9:34 of 1st period - Rob Niedermayer wins face-off versus Petri Kontiola in Harfangs zone.
9:35 of 1st period - Wrist shot by Stanislav Chistov.
9:35 of 1st period - Shot Misses the Net.
9:43 of 1st period - Snap shot by Peter Olvecky.
9:43 of 1st period - Shot Misses the Net.
9:47 of 1st period - Snap shot by Stefan Ruzicka.
9:47 of 1st period - Stopped by Jacob Markstrom with a rebound.
9:49 of 1st period - Slapshot by Sasha Pokulok.
9:49 of 1st period - Stopped by Jacob Markstrom with a rebound.
10:30 of 1st period - Slapshot by Steven Goertzen.
10:30 of 1st period - Shot Misses the Net.
10:32 of 1st period - Slapshot by Milan Jurcina.
10:32 of 1st period - Stopped by Ray Emery without a rebound.
10:33 of 1st period - Niklas Hagman wins face-off versus Petri Kontiola in Harfangs zone.
10:34 of 1st period - Snap shot by Stanislav Chistov.
10:34 of 1st period - Stopped by Ray Emery without a rebound.
10:35 of 1st period - Petri Kontiola wins face-off versus Rob Niedermayer in Harfangs zone.
10:46 of 1st period - James Wisniewski is hit by Stanislav Chistov and loses puck.
11:05 of 1st period - Snap shot by Mark Olver.
11:05 of 1st period - Stopped by Ray Emery without a rebound.
11:06 of 1st period - Craig Smith wins face-off versus Mark Olver in Harfangs zone.
11:13 of 1st period - Snap shot by Craig Smith.
11:13 of 1st period - Shot Misses the Net.
11:15 of 1st period - Snap shot by Craig Smith.
11:15 of 1st period - Shot Blocked by Milan Jurcina.
11:17 of 1st period - Backhand shot by Michal Repik.
11:17 of 1st period - Deflect By Dustin Jeffrey.
11:17 of 1st period - Stopped by Jacob Markstrom with a rebound.
11:19 of 1st period - Slapshot by Sasha Pokulok.
11:19 of 1st period - Shot Misses the Net.
11:40 of 1st period - Snap shot by Niklas Hagman.
11:40 of 1st period - Stopped by Ray Emery without a rebound.
11:41 of 1st period - Petri Kontiola wins face-off versus Cody Hodgson in Harfangs zone.
12:18 of 1st period - Slapshot by Stanislav Chistov.
12:18 of 1st period - Shot Misses the Net.
12:20 of 1st period - Wrist shot by Niklas Hagman.
12:20 of 1st period - Shot Blocked by Mark Giordano.
12:38 of 1st period - Backhand shot by Chris Kreider.
12:38 of 1st period - Stopped by Jacob Markstrom without a rebound.
12:39 of 1st period - Rob Niedermayer wins face-off versus Petri Kontiola in Senators zone.
12:39 of 1st period - Rob Niedermayer is hit by Petri Kontiola.
12:53 of 1st period - Wrist shot by Stanislav Chistov.
12:53 of 1st period - Stopped by Ray Emery with a rebound.
12:55 of 1st period - Snap shot by Stanislav Chistov.
12:55 of 1st period - Deflect By Niklas Hagman.
12:55 of 1st period - Stopped by Ray Emery without a rebound.
12:56 of 1st period - Steven Goertzen wins face-off versus Alex Killorn in Harfangs zone.
12:57 of 1st period - Wrist shot by Sergei Kostitsyn.
12:57 of 1st period - Shot Blocked by Andrew Orpik.
14:32 of 1st period - Slapshot by Stefan Ruzicka.
14:32 of 1st period - Stopped by Jacob Markstrom without a rebound.
14:33 of 1st period - Peter Olvecky wins face-off versus Rob Niedermayer in Senators zone.
14:45 of 1st period - Wrist shot by Peter Olvecky.
14:45 of 1st period - Shot Blocked by Stanislav Chistov.
15:36 of 1st period - Slapshot by Peter Olvecky.
15:36 of 1st period - Shot Misses the Net.
15:38 of 1st period - Snap shot by Petri Kontiola.
15:38 of 1st period - Stopped by Jacob Markstrom with a rebound.
15:40 of 1st period - Snap shot by Petri Kontiola.
15:40 of 1st period - Goal by Petri Kontiola - Senators : 0 - Harfangs : 2.
15:41 of 1st period - Josh Hennessy wins face-off versus Alex Killorn in neutral zone.
15:52 of 1st period - Slapshot by Steven Goertzen.
15:52 of 1st period - Stopped by Ray Emery without a rebound.
15:53 of 1st period - Josh Hennessy wins face-off versus Roman Wick in Harfangs zone.
16:02 of 1st period - Wrist shot by Steven Goertzen.
16:02 of 1st period - Stopped by Ray Emery with a rebound.
17:07 of 1st period - Icing by Andrew Orpik.
17:08 of 1st period - Josh Hennessy wins face-off versus Drew Shore in Harfangs zone.
17:13 of 1st period - Wrist shot by Steven Goertzen.
17:13 of 1st period - Shot Blocked by Andrew Orpik.
17:19 of 1st period - Snap shot by Sergei Kostitsyn.
17:19 of 1st period - Shot Misses the Net.
17:21 of 1st period - Snap shot by Josh Hennessy.
17:21 of 1st period - Shot Misses the Net.
17:27 of 1st period - Slapshot by Steven Goertzen.
17:27 of 1st period - Shot Misses the Net.
17:29 of 1st period - Snap shot by Josh Hennessy.
17:29 of 1st period - Shot Misses the Net.
17:39 of 1st period - Snap shot by Steven Goertzen.
17:39 of 1st period - Shot Misses the Net.
18:03 of 1st period - Snap shot by Kyle Palmieri.
18:03 of 1st period - Deflect By Drew Shore.
18:03 of 1st period - Shot Blocked by Sergei Kostitsyn.
18:03 of 1st period - Puck is out of play.
18:04 of 1st period - Petri Kontiola wins face-off versus Rob Niedermayer in Senators zone.
18:29 of 1st period - Cody Hodgson is hit by Chris Kreider.
19:27 of 1st period - Cody Hodgson is hit by Roman Wick and loses puck.
Goals for this period are 0 for Senators vs 2 for Harfangs.
Shots for this period are 10 for Senators vs 15 for Harfangs.
2nd period
0:01 of 2nd period - Stanislav Chistov wins face-off versus Petri Kontiola in neutral zone.
0:03 of 2nd period - Off-side.
0:04 of 2nd period - Rob Niedermayer wins face-off versus Petri Kontiola in neutral zone.
0:10 of 2nd period - Minor Penalty to Logan Stephenson for Boarding.
0:11 of 2nd period - Petri Kontiola wins face-off versus Rob Niedermayer in Senators zone.
0:15 of 2nd period - Snap shot by Peter Olvecky.
0:15 of 2nd period - Shot Blocked by Milan Jurcina.
0:17 of 2nd period - Snap shot by Petri Kontiola.
0:17 of 2nd period - Goal by Petri Kontiola - Senators : 0 - Harfangs : 3.
0:18 of 2nd period - Petri Kontiola wins face-off versus Rob Niedermayer in neutral zone.
2:04 of 2nd period - Snap shot by Sergei Kostitsyn.
2:04 of 2nd period - Stopped by Ray Emery without a rebound.
2:05 of 2nd period - Rob Niedermayer wins face-off versus Alex Killorn in Harfangs zone.
2:06 of 2nd period - Snap shot by Niklas Hagman.
2:06 of 2nd period - Stopped by Ray Emery with a rebound.
2:30 of 2nd period - Josh Hennessy is hit by Sasha Pokulok and loses puck.
2:55 of 2nd period - Snap shot by Jack Skille.
2:55 of 2nd period - Stopped by Ray Emery with a rebound.
2:57 of 2nd period - Wrist shot by Cody Hodgson.
2:57 of 2nd period - Stopped by Ray Emery with a rebound.
3:37 of 2nd period - Snap shot by Stefan Ruzicka.
3:37 of 2nd period - Shot Misses the Net.
4:22 of 2nd period - Slapshot by James Wisniewski.
4:22 of 2nd period - Shot Misses the Net.
4:40 of 2nd period - Snap shot by Stefan Ruzicka.
4:40 of 2nd period - Stopped by Jacob Markstrom with a rebound.
4:42 of 2nd period - Slapshot by Petri Kontiola.
4:42 of 2nd period - Shot Blocked by Tyson Barrie.
4:44 of 2nd period - Snap shot by Peter Olvecky.
4:44 of 2nd period - Stopped by Jacob Markstrom without a rebound.
4:45 of 2nd period - Alex Killorn wins face-off versus Rob Niedermayer in Senators zone.
4:52 of 2nd period - Snap shot by Alex Killorn.
4:52 of 2nd period - Stopped by Jacob Markstrom without a rebound.
4:53 of 2nd period - Rob Niedermayer wins face-off versus Alex Killorn in Senators zone.
5:22 of 2nd period - Snap shot by Michal Repik.
5:22 of 2nd period - Shot Misses the Net.
5:24 of 2nd period - Wrist shot by Michal Repik.
5:24 of 2nd period - Shot Blocked by Milan Jurcina.
5:26 of 2nd period - Slapshot by Victor Bartley.
5:26 of 2nd period - Shot Blocked by Milan Jurcina.
5:28 of 2nd period - Wrist shot by Craig Smith.
5:28 of 2nd period - Shot Misses the Net.
5:30 of 2nd period - Snap shot by Michal Repik.
5:30 of 2nd period - Shot Misses the Net.
6:10 of 2nd period - Wrist shot by Gabriel Bourque.
6:10 of 2nd period - Stopped by Ray Emery without a rebound.
6:11 of 2nd period - Petri Kontiola wins face-off versus Mark Olver in Harfangs zone.
6:22 of 2nd period - Snap shot by Stefan Ruzicka.
6:22 of 2nd period - Shot Misses the Net.
7:01 of 2nd period - James Wisniewski is hit by Rob Niedermayer and loses puck.
8:47 of 2nd period - Off-side.
8:48 of 2nd period - Kyle Palmieri wins face-off versus Sergei Kostitsyn in neutral zone.
9:05 of 2nd period - Milan Jurcina is hit by Drew Shore and loses puck.
9:28 of 2nd period - Snap shot by Stefan Ruzicka.
9:28 of 2nd period - Stopped by Jacob Markstrom with a rebound.
9:45 of 2nd period - Snap shot by Marc-André Bernier.
9:45 of 2nd period - Stopped by Ray Emery without a rebound.
9:46 of 2nd period - Alex Killorn wins face-off versus Mark Olver in Harfangs zone.
9:46 of 2nd period - Alex Killorn is hit by Shane Sims.
10:02 of 2nd period - Slapshot by Gabriel Bourque.
10:02 of 2nd period - Stopped by Ray Emery without a rebound.
10:03 of 2nd period - Stefan Ruzicka wins face-off versus Rob Niedermayer in Harfangs zone.
10:03 of 2nd period - Stefan Ruzicka is hit by Niklas Hagman.
10:27 of 2nd period - Petri Kontiola is hit by Stanislav Chistov and loses puck.
10:36 of 2nd period - Slapshot by Rob Niedermayer.
10:36 of 2nd period - Deflect By Stanislav Chistov.
10:36 of 2nd period - Shot Blocked by James Wisniewski.
10:36 of 2nd period - Puck is out of play.
10:37 of 2nd period - Alex Killorn wins face-off versus Josh Hennessy in Harfangs zone.
10:37 of 2nd period - Alex Killorn is hit by Steven Goertzen.
10:43 of 2nd period - Wrist shot by Sergei Kostitsyn.
10:43 of 2nd period - Shot Blocked by Andrew Orpik.
11:35 of 2nd period - Off-side.
11:36 of 2nd period - Josh Hennessy wins face-off versus Petri Kontiola in neutral zone.
12:06 of 2nd period - Wrist shot by Brett Sterling.
12:06 of 2nd period - Stopped by Ray Emery without a rebound.
12:07 of 2nd period - Alex Killorn wins face-off versus Cody Hodgson in Harfangs zone.
12:36 of 2nd period - Wrist shot by Rob Niedermayer.
12:36 of 2nd period - Stopped by Ray Emery without a rebound.
12:37 of 2nd period - Petri Kontiola wins face-off versus Rob Niedermayer in Harfangs zone.
13:02 of 2nd period - Logan Stephenson is hit by Alex Killorn and loses puck.
13:12 of 2nd period - Off-side.
13:13 of 2nd period - Rob Niedermayer wins face-off versus Petri Kontiola in neutral zone.
13:38 of 2nd period - Off-side.
13:39 of 2nd period - Josh Hennessy wins face-off versus Alex Killorn in neutral zone.
13:39 of 2nd period - Josh Hennessy is hit by Alex Killorn.
13:43 of 2nd period - Slapshot by Logan Stephenson.
13:43 of 2nd period - Shot Blocked by James Wisniewski.
13:54 of 2nd period - James Wisniewski is hit by Josh Hennessy and loses puck.
14:31 of 2nd period - Dustin Jeffrey is hit by Logan Stephenson and loses puck.
14:35 of 2nd period - Icing by Michal Repik.
14:36 of 2nd period - Craig Smith wins face-off versus Josh Hennessy in Harfangs zone.
14:41 of 2nd period - Josh Hennessy is hit by Craig Smith and loses puck.
15:01 of 2nd period - Icing by Shane Sims.
15:02 of 2nd period - Josh Hennessy wins face-off versus Petri Kontiola in Senators zone.
15:27 of 2nd period - Slapshot by Rob Niedermayer.
15:27 of 2nd period - Stopped by Ray Emery with a rebound.
15:29 of 2nd period - Snap shot by Erik Karlsson.
15:29 of 2nd period - Stopped by Ray Emery with a rebound.
15:31 of 2nd period - Snap shot by Shane Sims.
15:31 of 2nd period - Stopped by Ray Emery with a rebound.
15:33 of 2nd period - Slapshot by Erik Karlsson.
15:33 of 2nd period - Shot Misses the Net.
15:35 of 2nd period - Slapshot by Erik Karlsson.
15:35 of 2nd period - Shot Misses the Net.
15:37 of 2nd period - Wrist shot by Niklas Hagman.
15:37 of 2nd period - Stopped by Ray Emery with a rebound.
16:27 of 2nd period - Marc-André Bernier is hit by Sasha Pokulok and loses puck.
16:33 of 2nd period - Icing by Gabriel Bourque.
16:34 of 2nd period - Mark Olver wins face-off versus Alex Killorn in Senators zone.
16:49 of 2nd period - Slapshot by Victor Bartley.
16:49 of 2nd period - Deflect By Chris Kreider.
16:49 of 2nd period - Stopped by Jacob Markstrom with a rebound.
16:59 of 2nd period - Tyson Barrie is hit by Dustin Jeffrey and loses puck.
17:04 of 2nd period - Snap shot by Craig Smith.
17:04 of 2nd period - Shot Misses the Net.
17:06 of 2nd period - Slapshot by Michal Repik.
17:06 of 2nd period - Shot Misses the Net.
17:28 of 2nd period - Snap shot by Kyle Palmieri.
17:28 of 2nd period - Shot Blocked by Mark Olver.
17:30 of 2nd period - Wrist shot by Andrew Orpik.
17:30 of 2nd period - Shot Misses the Net.
18:42 of 2nd period - Minor Penalty to Logan Stephenson for Tripping.
18:43 of 2nd period - Rob Niedermayer wins face-off versus Petri Kontiola in Senators zone.
19:15 of 2nd period - Wrist shot by Alex Killorn.
19:15 of 2nd period - Stopped by Jacob Markstrom with a rebound.
19:17 of 2nd period - Snap shot by Andrew Orpik.
19:17 of 2nd period - Shot Misses the Net.
19:19 of 2nd period - Wrist shot by Alex Killorn.
19:19 of 2nd period - Stopped by Jacob Markstrom with a rebound.
19:37 of 2nd period - Snap shot by Stanislav Chistov.
19:37 of 2nd period - Deflect By Brett Sterling.
19:37 of 2nd period - Shot Blocked by Mark Giordano.
19:37 of 2nd period - Puck is out of play.
19:38 of 2nd period - Cody Hodgson wins face-off versus Roman Wick in Harfangs zone.
19:41 of 2nd period - Slapshot by Cody Hodgson.
19:41 of 2nd period - Shot Misses the Net.
19:43 of 2nd period - Snap shot by Cody Hodgson.
19:43 of 2nd period - Shot Misses the Net.
19:45 of 2nd period - Slapshot by Milan Jurcina.
19:45 of 2nd period - Shot Blocked by Mark Giordano.
19:47 of 2nd period - Slapshot by Patrick Wey.
19:47 of 2nd period - Stopped by Ray Emery without a rebound.
19:48 of 2nd period - Rob Niedermayer wins face-off versus Petri Kontiola in Harfangs zone.
Goals for this period are 0 for Senators vs 1 for Harfangs.
Shots for this period are 14 for Senators vs 8 for Harfangs.
3rd period
0:01 of 3rd period - Rob Niedermayer wins face-off versus Petri Kontiola in neutral zone.
0:10 of 3rd period - Snap shot by James Wisniewski.
0:10 of 3rd period - Shot Blocked by Patrick Wey.
0:42 of 3rd period - Penalty to Logan Stephenson is over, Logan Stephenson is back on ice.
0:58 of 3rd period - Josh Hennessy is hit by Drew Shore and loses puck.
1:13 of 3rd period - Snap shot by Jack Skille.
1:13 of 3rd period - Shot Blocked by Sasha Pokulok.
1:40 of 3rd period - Slapshot by Stefan Ruzicka.
1:40 of 3rd period - Shot Misses the Net.
1:50 of 3rd period - Milan Jurcina is hit by Nick Holden.
1:54 of 3rd period - Gabriel Bourque is hit by Dylan Olsen and loses puck.
2:15 of 3rd period - Milan Jurcina is hit by Drew Shore and loses puck.
2:24 of 3rd period - Slapshot by Erik Karlsson.
2:24 of 3rd period - Deflect By Marc-André Bernier.
2:24 of 3rd period - Stopped by Ray Emery with a rebound.
2:26 of 3rd period - Slapshot by Shane Sims.
2:26 of 3rd period - Shot Misses the Net.
2:28 of 3rd period - Wrist shot by Gabriel Bourque.
2:28 of 3rd period - Shot Misses the Net.
2:30 of 3rd period - Snap shot by Marc-André Bernier.
2:30 of 3rd period - Deflect By Dustin Jeffrey.
2:30 of 3rd period - Shot Misses the Net.
2:30 of 3rd period - Puck is out of play.
2:31 of 3rd period - Rob Niedermayer wins face-off versus Craig Smith in Harfangs zone.
2:56 of 3rd period - Shane Sims is hit by Mark Giordano and loses puck.
3:18 of 3rd period - Off-side.
3:19 of 3rd period - Cody Hodgson wins face-off versus Alex Killorn in neutral zone.
3:22 of 3rd period - Roman Wick is hit by Jack Skille and loses puck.
3:31 of 3rd period - Slapshot by Andrew Orpik.
3:31 of 3rd period - Deflect By Chris Kreider.
3:31 of 3rd period - Shot Blocked by Logan Stephenson.
3:31 of 3rd period - Puck is out of play.
3:32 of 3rd period - Rob Niedermayer wins face-off versus Petri Kontiola in Senators zone.
4:20 of 3rd period - Snap shot by Brett Sterling.
4:20 of 3rd period - Shot Misses the Net.
4:22 of 3rd period - Snap shot by Cody Hodgson.
4:22 of 3rd period - Stopped by Ray Emery with a rebound.
4:24 of 3rd period - Slapshot by Logan Stephenson.
4:24 of 3rd period - Shot Blocked by Michal Repik.
4:26 of 3rd period - Slapshot by Logan Stephenson.
4:26 of 3rd period - Stopped by Ray Emery without a rebound.
4:27 of 3rd period - Petri Kontiola wins face-off versus Rob Niedermayer in Harfangs zone.
5:03 of 3rd period - Steven Goertzen is hit by Alex Killorn and loses puck.
5:23 of 3rd period - Snap shot by Craig Smith.
5:23 of 3rd period - Stopped by Jacob Markstrom with a rebound.
5:25 of 3rd period - Slapshot by Victor Bartley.
5:25 of 3rd period - Stopped by Jacob Markstrom without a rebound.
5:26 of 3rd period - Rob Niedermayer wins face-off versus Petri Kontiola in Senators zone.
5:51 of 3rd period - Steven Goertzen is hit by Chris Kreider and loses puck.
5:59 of 3rd period - Icing by Patrick Wey.
6:00 of 3rd period - Josh Hennessy wins face-off versus Petri Kontiola in Senators zone.
6:21 of 3rd period - Snap shot by Steven Goertzen.
6:21 of 3rd period - Shot Blocked by Stefan Ruzicka.
6:23 of 3rd period - Wrist shot by Steven Goertzen.
6:23 of 3rd period - Shot Misses the Net.
6:25 of 3rd period - Snap shot by Josh Hennessy.
6:25 of 3rd period - Stopped by Ray Emery without a rebound.
6:26 of 3rd period - Alex Killorn wins face-off versus Rob Niedermayer in Harfangs zone.
6:35 of 3rd period - Snap shot by Chris Kreider.
6:35 of 3rd period - Shot Hit the Post.
6:37 of 3rd period - Snap shot by Roman Wick.
6:37 of 3rd period - Shot Blocked by Milan Jurcina.
7:07 of 3rd period - Craig Smith is hit by Jack Skille and loses puck.
7:56 of 3rd period - Wrist shot by Gabriel Bourque.
7:56 of 3rd period - Shot Blocked by Chris Kreider.
7:58 of 3rd period - Slapshot by Mark Olver.
7:58 of 3rd period - Stopped by Ray Emery with a rebound.
8:00 of 3rd period - Slapshot by Patrick Wey.
8:00 of 3rd period - Goal by Patrick Wey - Senators : 1 - Harfangs : 3.
8:01 of 3rd period - Petri Kontiola wins face-off versus Rob Niedermayer in neutral zone.
8:04 of 3rd period - Wrist shot by Peter Olvecky.
8:04 of 3rd period - Shot Misses the Net.
8:16 of 3rd period - Wrist shot by Stefan Ruzicka.
8:16 of 3rd period - Shot Misses the Net.
8:56 of 3rd period - Wrist shot by Craig Smith.
8:56 of 3rd period - Stopped by Jacob Markstrom with a rebound.
8:58 of 3rd period - Slapshot by Dustin Jeffrey.
8:58 of 3rd period - Shot Misses the Net.
9:00 of 3rd period - Wrist shot by Dustin Jeffrey.
9:00 of 3rd period - Shot Misses the Net.
9:02 of 3rd period - Snap shot by Craig Smith.
9:02 of 3rd period - Stopped by Jacob Markstrom without a rebound.
9:03 of 3rd period - Rob Niedermayer wins face-off versus Stefan Ruzicka in Senators zone.
9:09 of 3rd period - Slapshot by Stefan Ruzicka.
9:09 of 3rd period - Deflect By Peter Olvecky.
9:09 of 3rd period - Stopped by Jacob Markstrom without a rebound.
9:10 of 3rd period - Rob Niedermayer wins face-off versus Petri Kontiola in Senators zone.
9:37 of 3rd period - Slapshot by Brett Sterling.
9:37 of 3rd period - Stopped by Ray Emery with a rebound.
10:17 of 3rd period - Snap shot by Mark Giordano.
10:17 of 3rd period - Stopped by Jacob Markstrom without a rebound.
10:18 of 3rd period - Drew Shore wins face-off versus Mark Olver in Senators zone.
10:33 of 3rd period - Snap shot by Marc-André Bernier.
10:33 of 3rd period - Stopped by Ray Emery with a rebound.
11:33 of 3rd period - Shane Sims is hit by Victor Bartley and loses puck.
12:16 of 3rd period - Minor Penalty to Niklas Hagman for Interference.
12:17 of 3rd period - Petri Kontiola wins face-off versus Rob Niedermayer in Senators zone.
12:17 of 3rd period - Snap shot by Stefan Ruzicka.
12:17 of 3rd period - Stopped by Jacob Markstrom without a rebound.
12:18 of 3rd period - Petri Kontiola wins face-off versus Rob Niedermayer in Senators zone.
12:28 of 3rd period - Minor Penalty to Logan Stephenson for Interference.
12:29 of 3rd period - Petri Kontiola wins face-off versus Rob Niedermayer in Senators zone.
12:51 of 3rd period - Minor Penalty to Stefan Ruzicka for High sticking.
12:52 of 3rd period - Craig Smith wins face-off versus Rob Niedermayer in Harfangs zone.
12:52 of 3rd period - Craig Smith is hit by Rob Niedermayer.
13:10 of 3rd period - James Wisniewski is hit by Rob Niedermayer and loses puck.
14:12 of 3rd period - James Wisniewski is hit by Josh Hennessy and loses puck.
14:16 of 3rd period - Penalty to Niklas Hagman is over, Niklas Hagman is back on ice.
14:28 of 3rd period - Penalty to Logan Stephenson is over, Logan Stephenson is back on ice.
14:51 of 3rd period - Penalty to Stefan Ruzicka is over, Stefan Ruzicka is back on ice.
14:55 of 3rd period - Stefan Ruzicka is hit by Sergei Kostitsyn and loses puck.
15:12 of 3rd period - Wrist shot by Tomas Tatar.
15:12 of 3rd period - Shot Blocked by Cody Hodgson.
15:14 of 3rd period - Slapshot by Andrew Orpik.
15:14 of 3rd period - Shot Misses the Net.
15:16 of 3rd period - Snap shot by Tomas Tatar.
15:16 of 3rd period - Shot Blocked by Jack Skille.
15:27 of 3rd period - Minor Penalty to Alex Killorn for Slashing.
15:28 of 3rd period - Rob Niedermayer wins face-off versus Stefan Ruzicka in Harfangs zone.
15:29 of 3rd period - Slapshot by Stanislav Chistov.
15:29 of 3rd period - Stopped by Ray Emery with a rebound.
15:31 of 3rd period - Slapshot by Stanislav Chistov.
15:31 of 3rd period - Shot Misses the Net.
15:54 of 3rd period - Icing by Erik Karlsson.
15:55 of 3rd period - Stefan Ruzicka wins face-off versus Josh Hennessy in Senators zone.
16:10 of 3rd period - Andrew Orpik is hit by Niklas Hagman and loses puck.
16:17 of 3rd period - Snap shot by Rob Niedermayer.
16:17 of 3rd period - Deflect By Stanislav Chistov.
16:17 of 3rd period - Shot Misses the Net.
16:17 of 3rd period - Puck is out of play.
16:18 of 3rd period - Rob Niedermayer wins face-off versus Stefan Ruzicka in Harfangs zone.
16:43 of 3rd period - Milan Jurcina is hit by Mark Giordano.
16:57 of 3rd period - Michal Repik is hit by Milan Jurcina and loses puck.
17:26 of 3rd period - Stanislav Chistov is hit by Peter Olvecky and loses puck.
17:27 of 3rd period - Penalty to Alex Killorn is over, Alex Killorn is back on ice.
18:19 of 3rd period - Slapshot by Dustin Jeffrey.
18:19 of 3rd period - Shot Misses the Net.
18:52 of 3rd period - Wrist shot by Shane Sims.
18:52 of 3rd period - Stopped by Ray Emery without a rebound.
18:53 of 3rd period - Brett Sterling wins face-off versus Dustin Jeffrey in Harfangs zone.
Goals for this period are 1 for Senators vs 0 for Harfangs.
Shots for this period are 10 for Senators vs 7 for Harfangs.
Output by the SimonT Hockey Simulator (STHS) for François Prévost -- Original Page W3C XHTML 1.0 Valid